 Dungeon Crawl Stone Soup version 0.28.0 (webtiles) character file.

Game seed: 8539590734109804030

229 bande the Chopper (level 6, -6/38 HPs)
             Began as a Gargoyle Fighter on Feb 12, 2022.
             Mangled by GrayStillPlays's ghost (11 damage)
             ... on level 3 of the Dungeon.
             The game lasted 00:05:16 (2378 turns).

bande the Chopper (Gargoyle Fighter)                Turns: 2378, Time: 00:05:17

Health: -6/38      AC: 13    Str: 19    XL:     6   Next: 3%
Magic:  6/6        EV:  9    Int:  9    God:
Gold:   148        SH:  4    Dex: 11    Spells: 5/5 levels left

rFire   . . .      SeeInvis .   a - +0 war axe
rCold   + . .      Faith    .   c - +0 buckler
rNeg    + . .      Spirit   .   l - +0 scale mail {rC+}
rPois   ∞          Reflect  .   (no helmet)
rElec   +          Harm     .   g - +1 cloak
rCorr   .          Rampage  .   (no gloves)
Will    .....                   (no boots)
Stlth   ..........              (no amulet)
HPRegen 0.12/turn               i - +4 ring of slaying
MPRegen 0.10/turn               k - ring of flight

@: flying
A: sickness immunity, AC +4, negative energy resistance 1, electricity
resistance, torment resistance 1, petrification resistance
a: no special abilities


You were on level 3 of the Dungeon.
You visited 1 branch of the dungeon, and saw 3 of its levels.

You collected 148 gold pieces.

Inventory:

Hand Weapons
 a - a +0 war axe (weapon)
Armour
 c - a +0 buckler (worn)
 g - a +1 cloak (worn)
 l - a +0 scale mail of cold resistance (worn)
Jewellery
 i - a +4 ring of slaying (left hand)
 k - a ring of flight (right hand)
Scrolls
 b - a scroll of enchant armour
 h - a scroll of summoning
 o - a scroll of identify
Potions
 d - a potion of might
 e - a potion of invisibility
 f - a potion of brilliance {unknown}
 j - a potion of mutation {unknown}
 m - a potion of attraction {unknown}
 n - a potion of degeneration {unknown}


   Skills:
 + Level 4.0 Fighting
 + Level 4.2 Axes
 + Level 4.1 Armour
 + Level 4.0 Shields


You had 5 spell levels left.
You didn't know any spells.
Your spell library was empty.

Dungeon Overview and Level Annotations

Branches:
Dungeon (3/15)

Altars:
Dithmenos

Shops:
D:3 (

Annotations:
D:3 GrayStillPlays's ghost, amateur GnFi


Innate Abilities, Weirdness & Mutations

You are immune to sickness and miasma.
Your stone body is resilient. (AC +4)
You are immune to poison.
You resist negative energy. (rN+)
You are resistant to electric shocks. (rElec)
You are resistant to unholy torment.
You are immune to petrification.


Message History

GrayStillPlays's ghost hits you.
You hit GrayStillPlays's ghost.
GrayStillPlays's ghost is lightly damaged.
GrayStillPlays's ghost hits you but does no damage.
Unknown command.
You closely miss GrayStillPlays's ghost.
GrayStillPlays's ghost is lightly damaged.
GrayStillPlays's ghost barely misses you.
GrayStillPlays's ghost wails, "Very impressive.
But it won't help.
Nothing will."
You block GrayStillPlays's ghost's attack.
You hit GrayStillPlays's ghost but do no damage.
GrayStillPlays's ghost is lightly damaged.
GrayStillPlays's ghost laughs crazily.
GrayStillPlays's ghost hits you.
You slash GrayStillPlays's ghost!
GrayStillPlays's ghost is moderately damaged.
GrayStillPlays's ghost barely misses you.
You slash GrayStillPlays's ghost!
GrayStillPlays's ghost is heavily damaged.
GrayStillPlays's ghost wails.
GrayStillPlays's ghost hits you. GrayStillPlays's ghost hits you!
* * * LOW HITPOINT WARNING * * *
You slash GrayStillPlays's ghost!
GrayStillPlays's ghost is almost destroyed.
GrayStillPlays's ghost hits you but does no damage.
You hit GrayStillPlays's ghost but do no damage.
GrayStillPlays's ghost is almost destroyed.
GrayStillPlays's ghost barely misses you.
You closely miss GrayStillPlays's ghost.
GrayStillPlays's ghost is almost destroyed.
GrayStillPlays's ghost hits you.
* * * LOW HITPOINT WARNING * * *
You closely miss GrayStillPlays's ghost.
GrayStillPlays's ghost is almost destroyed.
GrayStillPlays's ghost hits you but does no damage.
GrayStillPlays's ghost barely misses you.
You hit GrayStillPlays's ghost.
GrayStillPlays's ghost is almost destroyed.
GrayStillPlays's ghost hits you!
You die...

#...##.P.....P.#
#............#
#.####)....P.P.#
#............# #.#
###########
#............# #.#
#............# #.#
####'#########
#.######## #.#
#.##.....# #.#
#.##.###.############.#
####.# #.......W@)....#
.#...# ################
⌠#.### .#.# ##.# #KK#
.K.# K..# ####


You could see GrayStillPlays's ghost.

Vanquished Creatures
  A kobold brigand (D:3)
  A jelly (D:3)
  Jessica (D:2)
  A gnoll (D:1)
  2 adders
  2 worms (D:2)
  2 dart slugs
  2 orcs (D:3)
  4 ball pythons
  14 endoplasms
  A giant cockroach (D:1)
  4 goblins
  4 hobgoblins
  2 jackals (D:2)
  12 kobolds
  6 bats
  8 frilled lizards
  3 rats
70 creatures vanquished.

Vanquished Creatures (collateral kills)
  A hobgoblin (D:2)
1 creature vanquished.

Vanquished Creatures (others)
  4 fungi (D:3)
  5 toadstools (D:3)
9 creatures vanquished.

Grand Total: 80 creatures vanquished

Notes
Turn   | Place    | Note
-------+----------+-------------------------------------------
     0 | D:1      | bande the Gargoyle Fighter began the quest for the Orb.
     0 | D:1      | Reached XP level 1. HP: 14/14 MP: 1/1
   155 | D:1      | Reached XP level 2. HP: 19/19 MP: 2/2
   261 | D:1      | Reached XP level 3. HP: 23/23 MP: 3/3
   639 | D:2      | Noticed Jessica
   649 | D:2      | Killed Jessica
   650 | D:2      | Reached XP level 4. HP: 22/29 MP: 4/4
  1368 | D:3      | Found a shadowy altar of Dithmenos.
  1534 | D:3      | Reached XP level 5. HP: 28/33 MP: 5/5
  1592 | D:3      | Found a faded altar of an unknown god.
  1700 | D:3      | Found Lemomic's Weapon Emporium.
  2283 | D:3      | Found a runed translucent gate.
  2283 | D:3      | Found a runed translucent gate.
  2283 | D:3      | Found a runed translucent gate.
  2284 | D:3      | Noticed GrayStillPlays's ghost (amateur GnFi)
  2285 | D:3      | Noticed a kobold brigand
  2367 | D:3      | Killed a kobold brigand
  2368 | D:3      | Reached XP level 6. HP: 27/38 MP: 6/6
  2378 | D:3      | Mangled by GrayStillPlays's ghost

Illustrated notes

Levels and vault maps discovered:
D:1:      lemuel_arrival_tunnels, layout_rooms
D:2:      layout_rooms, hex_intersection, minmay_cupped, uniq_jessica
D:3:      cheibrodos_fertilizer, layout_basic, general_overflow_altar,
          hellmonk_ecumenical_altar_heavens_door, gammafunk_ghost_nasty_kobolds,
          serial_shops, shop

Skill      XL: |  1  2  3  4  5 |
---------------+----------------+-----
Axes           | 2 3 4 |  4.2
Fighting       | 4 |  4.0
Armour         | 4 |  4.1
Shields        | 4 |  4.0

Action                   |  1- 3 |  4- 6 || total
-------------------------+-------+-------++-------
Melee: War axe           |    50 |   112 ||   162
  Use: Scroll            |     4 |     6 ||    10
Armor: Scale mail        |    25 |    54 ||    79
Dodge: Dodged            |    21 |    58 ||    79
Block: Buckler           |    10 |    21 ||    31
